Map: Lerilak Crest

Players

LilDicky - Winner!

  • Race: Terran Terran
  • League: Diamond

ImportMesh

  • Race: Terran Terran
  • League: Diamond

VOD

http://www.twitch.tv/tumescentpie

Description

Time

  • Played on: Dec. 8, 2015, 9:37 p.m.
  • Length: 7:09
Show
View Real Time Build Order
Export as new Build Order

LilDicky Terran - Winner!

Build Orders:  

Get SALT Encoding   

  12  0:02  SCV  
  13  0:14  SCV  
  14  0:22  Supply Depot  
  14  0:26  SCV  
  15  0:38  Refinery  
  15  0:43  SCV  
  15  0:47  Barracks  
  16  0:55  SCV  
  17  1:07  SCV  
  18  1:21  SCV  
  18  1:22  Refinery  
  19  1:34  Reaper  
  19  1:35  Supply Depot  
  20  1:40  Orbital Command  
  20  1:57  Factory  
  20  2:08  Marine  
  20  2:16  SCV  
  20  2:20  Supply Depot  
  21  2:28  Marine  
  22  2:45  Factory Tech Lab  
  22  2:46  Marine  
  22  2:48  Starport  
  23  2:52  SCV  
  24  3:03  Supply Depot  
  24  3:04  SCV  
  25  3:07  Marine  
  25  3:12  Siege Tank  
  29  3:16  SCV  
  30  3:25  Marine  
  30  3:27  Viking  
  33  3:31  Supply Depot  
  33  3:35  SCV  
  34  3:43  Marine  
  34  3:44  Siege Tank  
  38  3:51  SCV  
  39  3:56  Supply Depot  
  39  3:57  Medivac  
  39  4:01  Marine  
  42  4:03  SCV  
  43  4:15  SCV  
  44  4:19  Siege Tank, Marine  
  48  4:27  SCV  
  37  4:53  Marine  
  37  4:54  Siege Tank  
  37  4:56  Viking  
  40  5:10  Command Center, SCV  
  40  5:11  Liberator, Marine  
  42  5:23  SCV  
  42  5:26  Siege Tank  
  46  5:29  Marine  
  50  5:46  Marine  
  49  6:03  Siege Tank  
  52  6:24  SCV  
  53  6:27  Starport Tech Lab  
Show
View Real Time Build Order
Export as new Build Order

ImportMesh Terran 

Build Orders:  

Get SALT Encoding   

  12  0:02  SCV  
  14  0:14  SCV  
  14  0:22  Supply Depot  
  14  0:26  SCV  
  15  0:47  Barracks  
  15  0:48  SCV  
  16  1:00  SCV  
  17  1:08  Barracks  
  17  1:12  SCV  
  18  1:24  SCV  
  19  1:33  Marine  
  19  1:37  Command Center  
  20  1:46  Orbital Command  
  20  1:57  Supply Depot  
  20  1:58  Marine  
  21  2:05  Marine  
  22  2:12  SCV  
  23  2:22  Marine  
  24  2:24  SCV, Refinery  
  24  2:27  Marine  
  26  2:39  Marine  
  26  2:42  SCV  
  28  2:45  Marine  
  28  2:50  Orbital Command  
  29  2:54  SCV, Refinery, Barracks  
  30  3:06  SCV, Marine x2  
  30  3:12  Orbital Command  
  33  3:20  SCV  
  33  3:24  Marine x2  
  36  3:27  Barracks  
  36  3:32  SCV  
  36  3:33  Supply Depot  
  37  3:40  SCV  
  38  3:42  Marine  
  38  3:45  Marine x2  
  38  3:47  Engineering Bay  
  41  3:51  SCV  
  42  3:56  SCV  
  42  4:01  Marine  
  44  4:03  SCV, Factory  
  45  4:11  SCV  
  45  4:16  Marine x2  
  47  4:20  Marine x2  
  47  4:21  SCV  
  47  4:23  Terran Infantry Weapons Level 1  
  50  4:26  Missile Turret  
  50  4:30  Missile Turret  
  42  4:42  Marine x4  
  34  4:59  SCV, Marine x2  
  34  5:00  Marine x2  
  38  5:08  SCV  
  38  5:10  Factory Tech Lab  
  39  5:17  Marine x3  
  39  5:18  Starport  
  39  5:20  SCV x2  
  44  5:23  Missile Turret  
  44  5:29  Marine  
  44  5:32  SCV  
  44  5:35  SCV, Marine  
  47  5:44  SCV  
  47  5:52  SCV  
  44  6:01  Missile Turret  
  44  6:02  Missile Turret  
  34  6:20  Siege Tank  
  34  6:23  Marine x4  
  34  6:24  SCV  
  41  6:41  Marine x3  
  41  6:42  Marine  
  41  6:43  SCV  
  41  6:44  SCV  
  34  6:56  SCV  
  34  6:59  Barracks x2  
  34  7:00  Barracks  
  34  7:02  Barracks  
  34  7:03  Barracks  
Tags
 
Add a new tag
Caveats
  • Supply blocks, unpowered buildings, or Contaminate may cause inaccurate times.
  • Supply counts are checked every 10 seconds.